 Seeded DCSS version 0.30.1-3-gfc49f6343a (webtiles) character file.

Game seed: 12890419957466297766 (custom seed)

773 OTABOTABOTAB the Ducker (level 8, -9/87 HPs)
             Began as a Djinni Venom Mage on July 29, 2023.
             Mangled by Pikel
             ... wielding a +1 whip of electrocution
              (16 damage)
             ... on level 5 of the Dungeon.
             The game lasted 00:14:20 (4646 turns).

OTABOTABOTAB the Ducker (Djinni Venom Mage)         Turns: 4646, Time: 00:14:20

Health: -9/87      AC: 28    Str:  7    XL:     8   Next: 9%
Gold:   273        EV:  2    Int: 19    God:
                   SH:  0    Dex: 14

rFire   . . .        g - +2 short sword (speed)
rCold   . . .        (no shield)
rNeg    . . .        a - melded +0 robe
rPois   ∞            (helmet currently unavailable)
rElec   .            (cloak currently unavailable)
rCorr   .            e - melded +1 pair of gloves
SInv    .            (boots unavailable)
Will    .....        (no amulet)
Stlth   +++          E - +5 ring of evasion
HPRegen 0.34/turn    A - +4 ring of protection
MPRegen 0.00/turn

%: infuse magic (-10 HP)
@: tree-form, very slightly contaminated, invisible
A: stationary, stasis, torment immunity, boosted hp, sickness immunity, (fire
resistance 2), (cold vulnerability 1), float, innate caster, HP casting, extra
vitality 1
a: no special abilities


You were on level 5 of the Dungeon.
You were a tree.
You visited 2 branches of the dungeon, and saw 6 of its levels.

You collected 273 gold pieces.

Inventory:

Hand Weapons
 g - a +2 short sword of speed (weapon)
   (You took it off a kobold on level 1 of the Dungeon)
Armour
 a - a +0 robe (melded)
 e - a +1 pair of gloves (melded)
   (You found it on level 1 of the Dungeon)
 q - a +0 cloak
   (You found it on level 5 of the Dungeon)
Jewellery
 A - a +4 ring of protection (right branch)
   (You found it on level 1 of the Dungeon)
 E - a +5 ring of evasion (left branch)
   (You found it on level 2 of the Dungeon)
Wands
 p - a wand of paralysis (10)
   (You found it on level 4 of the Dungeon)
Scrolls
 b - a scroll of fog {unknown}
 d - a scroll of poison {unknown}
 f - 2 scrolls of teleportation {unknown}
 h - a scroll of blinking {unknown}
 i - a scroll of enchant armour
 k - 2 scrolls of fear {unknown}
 l - a scroll of amnesia {unknown}
 m - 2 scrolls of magic mapping {unknown}
 r - 2 scrolls of vulnerability {unknown}
Potions
 j - a potion of attraction {!q}
 o - a potion of cancellation
 I - a potion of invisibility
 M - 3 potions of might


   Skills:
 + Level 4.0 Fighting
 + Level 5.0 Dodging
 + Level 4.0 Stealth
 + Level 4.0 Spellcasting


You knew the following spells:

 Your Spells              Type           Power      Damage    Failure   Level
a - Sting                 Tmut/Pois      76%        1d6       2%          1
b - Poisonous Vapours     Pois/Air       38%        N/A       4%          2
c - Olgreb's Toxic Radia  Pois           19%        N/A       26%         4
d - Foxfire               Conj/Fire      76%        2x1d7     2%          1
e - Call Imp              Summ           38%        N/A       4%          2
f - Momentum Strike       Conj/Tloc      38%        3d9       4%          2
x - Mephitic Cloud        Conj/Pois/Air  19%        N/A       8%          3
Your spell library was empty.

Dungeon Overview and Level Annotations

Branches:
Dungeon (5/15)             Temple (1/1) D:4

Altars:
Ashenzari
Dithmenos
Elyvilon
Hepliaklqana
Nemelex Xobeh
Okawaru
Qazlal
Ru
Xom

Annotations:
D:4 1 runed translucent door, turdburglar's ghost, amateur MiHu
D:5 Pikel


Innate Abilities, Weirdness & Mutations

You are a tree.
Your roots penetrate the ground, keeping you stationary.
You cannot be teleported.
You are immune to unholy pain and torment.
Your maximum health is greatly increased.
Your equipment is partially melded.
You are immune to sickness and miasma.
You are immune to poison.
((Your flesh is very heat resistant. (rF++)))
((You are vulnerable to cold. (rC-)))
You float through the air rather than walking.
You learn spells naturally, not from books.
Your magical power is your life essence.
You have superior vitality. (+4 MHP)


Message History

You take 2 damage, and have 49/58 hp.
Press: ? - help, Dir - move target, f - lemure, p - lemure
Aim: a lemure (lightly wounded) Poisonous vapours surround the lemure!
The lemure is poisoned.
The lemure misses you. The lemure hits you but does no damage.
You take 2 damage, and have 47/58 hp.
The lemure hits you but does no damage.
Your magical contamination has completely faded away.
The lemure attacks as you move away! The lemure completely misses you.
Press: ? - help, Dir - move target, f - Pikel, p - lemure
Aim: Pikel, wielding a +1 whip of electrocution and wearing a +0 robe (lightly wounded, poisoned) Poisonous vapours surround Pikel!
Pikel looks even sicker.
The lemure barely misses you.
You take 2 damage, and have 46/58 hp.
Press: ? - help, Dir - move target, f - lemure, p - Pikel
Aim: a lemure Poisonous vapours surround the lemure!
The lemure is poisoned.
The lemure looks more healthy.
You take 2 damage, and have 44/58 hp.
The lemure attacks as you move away! The lemure hits you but does no damage.
The lemure closely misses you. The lemure attacks as you move away!
The lemure barely misses you. The lemure attacks as you move away!
The lemure barely misses you.
The lemure looks more healthy.
The lemure attacks as you move away! The lemure completely misses you.
The lemure looks more healthy.
The hound attacks as you move away! The hound barely misses you.
Pikel waves his whip at you. The hound bites you.
You take 2 damage, and have 44/58 hp.
Press: ? - help, Dir - move target, f - hound, p - lemure
Aim: a hound Poisonous vapours surround the hound!
The hound is poisoned.
The hound misses you.
You take 2 damage, and have 42/58 hp.
Okay, then.
You begin to radiate toxic energy.
The hound looks even sicker.
Pikel is poisoned.
The lemure is poisoned. x3; The hound looks even sicker.
The lemure looks even sicker. x2; The hound barely misses you.
The hound misses you.
You take 4 damage, and have 38/58 hp.
The hound looks as sick as possible!
Pikel looks even sicker.
The lemure looks even sicker.
Your toxic aura wanes.
The hound misses you.
You kill the hound!
Your Fighting skill increases to level 4!
Your Spellcasting skill increases to level 4!
The lemure looks more healthy.
The lemure barely misses you. The lemure hits you.
You take 4 damage, and have 36/58 hp.
The lemure misses you. The lemure misses you.
You miscast Olgreb's Toxic Radiance.
You are very lightly contaminated with residual magic.
You feel incredibly sick. You resist. The lemure hits you.
You take 5 damage, and have 32/58 hp.
You begin to radiate toxic energy.
Pikel looks even sicker.
The lemure is poisoned.
The lemure looks even sicker.
The lemure is poisoned.
The lemure looks even sicker.
The lemure hits you.
You take 7 damage, and have 25/58 hp.
The lemure looks as sick as possible!
You kill the lemure!
That felt strangely unrewarding.
The lemure looks even sicker.
Your toxic aura wanes.
Pikel hits you with a +1 whip of electrocution.
You take 1 damage, and have 25/58 hp.
You barely miss Pikel. Pikel hits you but does no damage.
You closely miss Pikel.
Pikel hits you with a +1 whip of electrocution.
You take 3 damage, and have 22/58 hp.
You hit Pikel but do no damage.
You kill the lemure!
That felt strangely unrewarding.
You closely miss Pikel.
Pikel hits you with a +1 whip of electrocution.
You are electrocuted!!
* * * LOW HITPOINT WARNING * * *
You take 22 damage, and have 1/58 hp.
MASSIVE DAMAGE!!
Unknown command.
It was a potion of invisibility.
You fade into invisibility!
I - a potion of invisibility The lemure looks more healthy. x2; Pikel barely misses you.
It was a potion of lignification.
You turn into a tree.
Your +1 pair of gloves melds into your body.
Your +0 robe melds into your body.
Your roots penetrate the ground.
Pikel hits you with a +1 whip of electrocution.
* * * LOW HITPOINT WARNING * * *
You now have 1/87 hp.
You feel better.
Pikel hits you with a +1 whip of electrocution.
* * * LOW HITPOINT WARNING * * *
You regained 6 hp, and now have 7/87 hp.
You catch the helpless Pikel completely off-guard!
You hit Pikel. Pikel hits you but does no damage.
You are electrocuted!
You die...

..................# #....
#............†.....# #...
##..#####........... #..##
##.....##..# ####
#...####....#.##### ####..#
#...##.........## ####.#.#.###
##..........#...#####.#..#...#..
#.......##.##.####.#...#.K.#.#.#
......#....###.[♣K55..#..5#..Kh.#
.###..#.#...#######.#...#..5#.###
# #.###....# ####.#..#...# ##.
##.### ####.#.#.# . ### ####..# .
####


You could see Pikel (unable to see you, poisoned) and 2 lemures.

Vanquished Creatures
  A black bear (D:4)
  An ogre (D:5)
  2 lemures (D:5)
  A scorpion (D:5)
  A howler monkey (D:5)
  2 hounds (D:5)
  3 jellies
  2 orc wizards
  6 adders
  7 gnolls
  An ufetubus (D:4)
  A worm (D:2)
  2 dart slugs
  13 orcs
  8 bats
  8 endoplasms
  3 giant cockroaches
  3 goblins
  7 hobgoblins
  3 quokkas
  5 ball pythons
  5 frilled lizards (D:3)
  A goblin zombie (D:4)
  4 kobolds
  8 rats
98 creatures vanquished.

Vanquished Creatures (collateral kills)
  A phantom (D:4)
  A dart slug (D:5)
2 creatures vanquished.

Vanquished Creatures (others)
  A foxfire (D:2)
1 creature vanquished.

Grand Total: 101 creatures vanquished

Notes
Turn   | Place    | Note
-------+----------+-------------------------------------------
     0 | D:1      | OTABOTABOTAB the Djinni Venom Mage began the quest for the
                  | Orb.
     0 | D:1      | OTABOTABOTAB set off with the following spells memorised:
                  | Sting, Poisonous Vapours, Mephitic Cloud, Olgreb's Toxic
                  | Radiance.
     0 | D:1      | Reached XP level 1. HP: 15/15 MP: 0/0
   191 | D:1      | Reached XP level 2. HP: 20/22 MP: 0/0
   317 | D:1      | Found a faded altar of an unknown god.
   387 | D:1      | Reached skill level 1 in Fighting
   406 | D:1      | Reached XP level 3. HP: 25/27 MP: 0/0
   406 | D:1      | Learned a level 1 spell: Foxfire
   469 | D:1      | Reached skill level 2 in Stealth
  1326 | D:2      | Reached XP level 4. HP: 29/32 MP: 0/0
  1400 | D:2      | Reached skill level 3 in Dodging
  1643 | D:2      | Reached XP level 5. HP: 38/38 MP: 0/0
  1643 | D:2      | Learned a level 2 spell: Call Imp
  1832 | D:3      | Found a shadowy altar of Dithmenos.
  1850 | D:3      | Reached skill level 3 in Spellcasting
  1859 | D:3      | Reached skill level 2 in Fighting
  2748 | D:4      | Noticed a black bear
  2783 | D:4      | Killed a black bear
  2784 | D:4      | Reached skill level 3 in Stealth
  2784 | D:4      | Reached XP level 6. HP: 25/45 MP: 0/0
  2888 | D:4      | Reached skill level 4 in Dodging
  2999 | D:4      | Reached skill level 3 in Fighting
  3087 | D:4      | Found a staircase to the Ecumenical Temple.
  3087 | D:4      | Found a runed translucent door.
  3087 | D:4      | Noticed turdburglar's ghost (amateur MiHu)
  3096 | Temple   | Entered the Ecumenical Temple
  3202 | D:4      | HP: 11/46 [gnoll/+0 club (2)]
  3204 | D:4      | Reached XP level 7. HP: 13/50 MP: 0/0
  3204 | D:4      | Learned a level 2 spell: Momentum Strike
  3839 | D:5      | Entered Level 5 of the Dungeon
  4064 | D:5      | HP: 3/50 [ogre/+0 giant spiked club (24)]
  4450 | D:5      | Reached skill level 5 in Dodging
  4450 | D:5      | Reached skill level 4 in Stealth
  4450 | D:5      | Reached XP level 8. HP: 53/58 MP: 0/0
  4600 | D:5      | Noticed Pikel
  4629 | D:5      | Reached skill level 4 in Fighting
  4629 | D:5      | Reached skill level 4 in Spellcasting
  4642 | D:5      | HP: 1/58 [Pikel/+1 whip of electrocution (20)]
  4646 | D:5      | Mangled by Pikel

Illustrated notes

Levels and vault maps discovered:
D:1:      dpeg_arrival_water_fire, layout_basic, basic_ecumenical_altar
D:2:      layout_loops_ring, grunt_decor_mini_mirrors
D:3:      layout_loops_ring, old_standard_altar
D:4:      layout_basic, minmay_temple_entry_mist, enter_ossuary_3,
          gammafunk_ghost_grave
D:5:      minmay_spotlight, layout_layer_cave,
          chequers_temple_overflow_minitemple, gammafunk_ghost_necromancy,
          grunt_ministairs_4, hangedman_decor_push, serial_bayou_pond_e,
          uniq_sigmund, uniq_pikel
Temple:   hellmonk_temple_two_chambers

Skill      XL: |  1  2  3  4  5  6  7  8 |
---------------+-------------------------+-----
Fighting       | 1 2 3 4 |  4.0
Stealth        | 2 3 4 |  4.0
Dodging        | 3 4 5 |  5.0
Spellcasting   | 3 4 |  4.0

Action                     |  1- 3 |  4- 6 |  7- 9 || total
---------------------------+-------+-------+-------++-------
  Melee: Whip              |    11 |       |       ||    11
         Unarmed           |     2 |       |       ||     2
         Short sword       |     6 |    44 |    41 ||    91
         Punch             |       |       |     1 ||     1
   Cast: Sting             |    49 |    62 |    11 ||   122
         Foxfire           |     1 |       |       ||     1
         Poisonous Vapours |       |    23 |    39 ||    62
         Call Imp          |       |     2 |     8 ||    10
         Momentum Strike   |       |       |     3 ||     3
         Olgreb's Toxic Ra |       |       |     2 ||     2
    Use: Scroll            |       |     5 |       ||     5
         Potion            |       |       |     4 ||     4
   Stab: Sleeping          |     1 |     1 |       ||     2
         Invisible         |       |       |     1 ||     1
 Armour: Robe              |     3 |    27 |    21 ||    51
         Skin              |       |       |     1 ||     1
  Dodge: Dodged            |    14 |    96 |    66 ||   176

Levels and vault maps discovered:
D:1:      dpeg_arrival_water_fire, layout_basic, basic_ecumenical_altar
D:2:      layout_loops_ring, grunt_decor_mini_mirrors
D:3:      layout_loops_ring, old_standard_altar
D:4:      layout_basic, minmay_temple_entry_mist, enter_ossuary_3,
          gammafunk_ghost_grave
D:5:      minmay_spotlight, layout_layer_cave,
          chequers_temple_overflow_minitemple, gammafunk_ghost_necromancy,
          grunt_ministairs_4, hangedman_decor_push, serial_bayou_pond_e,
          uniq_sigmund, uniq_pikel
Temple:   hellmonk_temple_two_chambers

Table legend: (Time is in decaauts)
 A = Elapsed time spent in this place.
 B = Non-inter-level travel time spent in this place.
 C = Inter-level travel time spent in this place.
 D = Time resting spent in this place.
 E = Time spent auto-exploring this place.
 F = Levels seen in this place.
 G = Mean time per level.
                   A        B        C        D        E       F      G
               +--------+--------+--------+--------+--------+-----+--------+
         Total |   4623 |   4491 |    132 |    828 |   2813 |   6 |  770.5 |
       Dungeon |   4603 |   4475 |    128 |    828 |   2800 |   5 |  920.6 |
        Temple |     19 |     15 |      4 |      0 |     13 |   1 |   19.0 |
               +--------+--------+--------+--------+--------+-----+--------+

Top non-repeatable levels by time:
     D:4: 1554 daAuts
     D:2: 898 daAuts
     D:1: 884 daAuts
     D:3: 813 daAuts
     D:5: 454 daAuts
  Temple: 19 daAuts

Table legend:
 A = Kills in this place as a percentage of kills in the entire game.
 B = Kills by you in this place as a percentage of kills by you in the entire game.
 C = Kills by friends in this place as a percentage of kills by friends in the entire game.
 D = Other kills in this place as a percentage of other kills in the entire game.
 E = Experience gained in this place as a percentage of experience gained in the entire game.
 F = Experience gained in this place divided by the number of levels of this place that you have seen.
                   A       B       C       D       E      F
               +-------+-------+-------+-------+-------+----------------------
         Total | 100.0 | 100.0 | 100.0 |   N/A | 100.0 | 184.2
       Dungeon | 100.0 | 100.0 | 100.0 |   N/A | 100.0 | 221.0
               +-------+-------+-------+-------+-------+----------------------
